 Dungeon Crawl Stone Soup version 0.19.1 (webtiles) character file.

213 RedPan the Grave Robber (level 5, -4/35 HPs)
             Began as a Demonspawn Necromancer on Dec 24, 2016.
             Slain by a centaur (8 damage)
             ... on level 4 of the Dungeon.
             The game lasted 00:09:18 (3580 turns).

RedPan the Grave Robber (Demonspawn Necromancer)    Turns: 3580, Time: 00:09:18

Health: -4/35      AC:  3    Str:  8    XL:     5   Next: 59%
Magic:  0/8        EV: 12    Int: 18    God:
Gold:   102        SH:  0    Dex: 13    Spells: 3 memorised, 3 levels left

rFire  x . .     SeeInvis .     i - +5 dagger
rCold  + . .     Gourm    .     a - +0 robe
rNeg   . . .     Faith    .     (no shield)
rPois  .         Spirit   +     (no helmet)
rElec  .         Reflect  .     h - +0 cloak
rCorr  .         Harm     .     (no gloves)
MR     .....                    (no boots)
Stlth  +++.......               (no amulet)
                                m - ring of ice
                                f - ring of flight

@: no status effects
A: hooves 2, nightstalker 1, magic shield
a: Evoke Flight


You were on level 4 of the Dungeon.
You were not hungry.

You visited 1 branch of the dungeon, and saw 4 of its levels.

You collected 102 gold pieces.

Inventory:

Hand Weapons
 i - a +5 dagger (weapon)
Armour
 a - a +0 robe (worn)
 h - a +0 cloak (worn)
 t - +0 swamp dragon scales
Jewellery
 f - a ring of flight (left hand)
 m - a ring of ice (right hand)
Scrolls
 d - 2 scrolls of identify
 v - 2 scrolls of remove curse
Potions
 e - a potion of heal wounds
 j - a potion of cure mutation {unknown}
 l - a potion of agility
 p - a potion of cancellation
 r - 2 potions of degeneration {unknown}
 u - a potion of curing {unknown}
Books
 b - a book of Necromancy

   Spells                             Type                      Level
   a - Pain                           Necromancy                   1
   b - Animate Skeleton               Necromancy                   1
   c - Vampiric Draining              Necromancy                   3
   d - Regeneration                   Charms/Necromancy            3
   e - Animate Dead                   Necromancy                   4
   f - Control Undead                 Necromancy                   4
Comestibles
 c - 3 bread rations
 o - a meat ration
 s - 3 fruits


   Skills:
 - Level 1.7 Dodging
 - Level 1.7 Stealth
 - Level 2.0 Spellcasting
 + Level 7.6 Necromancy


You had 3 spell levels left.
You knew the following spells:

 Your Spells              Type           Power        Failure   Level  Hunger
a - Pain                  Necr           ####         1%          1    #......
b - Vampiric Draining     Necr           ####......   2%          3    ###....
c - Animate Skeleton      Necr           N/A          1%          1    #......


Dungeon Overview and Level Annotations

Branches:
Dungeon (4/15)
 Temple: D:4-7

Altars:
Nemelex Xobeh


Innate Abilities, Weirdness & Mutations

You have hoof-like feet.
You are slightly more attuned to the shadows.
When hurt, damage is shared between your health and your magic reserves.


Message History

* * * LOW HITPOINT WARNING * * *
The centaur closely misses you.
You are too injured to fight recklessly!
You are too injured to fight recklessly!
You hit the centaur.
The centaur is severely wounded.
The centaur hits you but does no damage.
You closely miss the centaur.
The centaur is severely wounded.
The centaur closely misses you. The centaur hits you.
* * * LOW HITPOINT WARNING * * *
You hit the centaur. Your kick misses the centaur.
The centaur is almost dead.
The centaur barely misses you.
You closely miss the centaur.
The centaur is almost dead.
The centaur hits you!
* * * LOW HITPOINT WARNING * * *
The centaur hits you!
You die...

#+## #...## .#
##.....# ## .#
##....... ##.#.####
#........
####.....%.##
'........
...........
#........ #.....#.#
##....... #c@#.#.#
........# ##.....#
.###...## ###.###
.###..## #.# ......#
#.# ......# #.#
.##...###### #.#
.....).....# #.#
.##.....##.#######.#


You could see a centaur.

Vanquished Creatures
  A bullfrog (D:3)
  An orc wizard (D:3)
  6 adders
  2 oozes
  A worm (D:2)
  A dart slug (D:1)
  A leopard gecko (D:3)
  2 orcs (D:3)
  6 bats
  5 giant cockroaches
  6 goblins
  4 hobgoblins
  2 quokkas (D:3)
  2 ball pythons (D:2)
  3 frilled lizards
  6 kobolds
  7 rats
56 creatures vanquished.

Vanquished Creatures (collateral kills)
  A giant cockroach (D:2)
1 creature vanquished.

Grand Total: 57 creatures vanquished

Notes
Turn   | Place    | Note
-------+----------+-------------------------------------------
     0 | D:1      | RedPan the Demonspawn Necromancer began the quest for the Orb.
     0 | D:1      | Reached XP level 1. HP: 13/13 MP: 3/3
   315 | D:1      | Gained mutation: You have large cloven feet. [demonic ancestry]
   315 | D:1      | Reached XP level 2. HP: 18/19 MP: 1/5
   378 | D:1      | Reached skill level 5 in Necromancy
  1259 | D:2      | Gained mutation: When hurt, damage is shared between your health and your magic reserves. [demonic ancestry]
  1259 | D:2      | Reached XP level 3. HP: 22/24 MP: 4/6
  1732 | D:2      | Reached skill level 6 in Necromancy
  1978 | D:2      | Learned a level 3 spell: Vampiric Draining
  1980 | D:2      | Learned a level 1 spell: Animate Skeleton
  2153 | D:2      | Gained mutation: You have hoof-like feet. [demonic ancestry]
  2153 | D:2      | Reached XP level 4. HP: 14/30 MP: 0/7
  2726 | D:3      | Noticed a bullfrog
  2732 | D:3      | Killed a bullfrog
  2732 | D:3      | Reached skill level 7 in Necromancy
  2732 | D:3      | Gained mutation: You are slightly more attuned to the shadows. [demonic ancestry]
  2732 | D:3      | Reached XP level 5. HP: 28/35 MP: 2/8
  3095 | D:3      | Found a sparkling altar of Nemelex Xobeh.
  3568 | D:4      | Noticed a centaur
  3580 | D:4      | Slain by a centaur

Skill      XL: |  1  2  3  4 |
---------------+-------------+-----
Necromancy     | 5 6 7 |  7.6
Dodging        | |  1.7
Stealth        | |  1.7
Spellcasting   | |  2.0

Action                   |  1- 3 |  4- 6 || total
-------------------------+-------+-------++-------
Melee: Dagger            |    79 |    81 ||   160
       Unarmed           |     9 |       ||     9
       Kick              |     8 |    11 ||    19
 Cast: Pain              |    48 |    16 ||    64
       Animate Skeleton  |     1 |     2 ||     3
       Vampiric Draining |     1 |     2 ||     3
  Use: Potion            |     2 |       ||     2
       Scroll            |       |     7 ||     7
 Stab: Sleeping          |     2 |     6 ||     8
  Eat: Chunk             |     3 |     5 ||     8
       Beef jerky        |     1 |       ||     1
Armor: Robe              |    33 |    16 ||    49
Dodge: Dodged            |    82 |    51 ||   133
